 Dungeon Crawl Stone Soup version 0.29.1-2-gbd0b4ee654 (webtiles) character file.

Game seed: 1348156619223739932

9 styxcanada the Sneak (level 2, -1/14 HPs)
             Began as a Spriggan Brigand on Oct 30, 2022.
             Slain by a goblin
             ... wielding a +0 mace of protection
              (6 damage)
             ... on level 1 of the Dungeon.
             The game lasted 00:02:14 (96 turns).

styxcanada the Sneak (Spriggan Brigand)               Turns: 96, Time: 00:02:14

Health: -1/14      AC:  3    Str:  7    XL:     2   Next: 3%
Magic:  3/3        EV: 17    Int: 12    God:
Gold:   10         SH:  0    Dex: 16    Spells: 1/1 levels left

rFire   . . .      SeeInvis +   a - +2 dagger
rCold   . . .      Faith    .   (no shield)
rNeg    . . .      Spirit   .   b - +0 robe
rPois   .          Reflect  .   (helmet restricted)
rElec   .          Harm     .   c - +0 cloak
rCorr   .          Rampage  .   (gloves unavailable)
Will    .....                   (boots unavailable)
Stlth   +++.......              (no amulet)
HPRegen 0.04/turn               g - ring of flight
MPRegen 0.08/turn               (no ring)

@: flying, very quick
A: very small, no large weapons, unfitting armour, see invisible, speed 3
a: no special abilities


You were on level 1 of the Dungeon.
You visited 1 branch of the dungeon, and saw 1 of its levels.

You collected 10 gold pieces.

Inventory:

Hand Weapons
 a - a +2 dagger (weapon)
Missiles
 d - 9 poisoned darts (quivered)
 e - 3 curare-tipped darts
Armour
 b - a +0 robe (worn)
 c - a +0 cloak (worn)
Jewellery
 g - a ring of flight (left hand)
Scrolls
 f - a scroll of teleportation {unknown}
 h - 3 scrolls of blinking {unknown}


   Skills:
 * Level 1.6 Fighting
 + Level 2.1 Short Blades
 + Level 2.0 Throwing
 * Level 2.0 Dodging
 * Level 6.3 Stealth


You had one spell level left.
You didn't know any spells.
Your spell library was empty.

Dungeon Overview and Level Annotations

Branches:
Dungeon (1/15)

Altars:


Innate Abilities, Weirdness & Mutations

You are very small and have problems with some larger weapons.
You are too small for most types of armour.
You have supernaturally acute eyesight. (SInv)
You cover ground extremely quickly. (Speed+++)


Message History

The bat closely misses you. The bat hits you but does no damage.
The goblin shouts!
You hit the bat but do no damage.
The bat is severely wounded.
The bat closely misses you. x2
The bat hits you but does no damage.
You miss the bat.
The bat is severely wounded.
The bat hits you but does no damage. The bat barely misses you.
You hit the bat.
You kill the bat!
Your Dodging skill increases to level 2!
You barely miss the endoplasm. You hit the endoplasm.
The endoplasm is moderately wounded.
The endoplasm misses you.
You completely miss the endoplasm.
The endoplasm is moderately wounded.
The endoplasm freezes you.
You are frozen.
You hit the endoplasm.
The endoplasm is almost dead.
The endoplasm freezes you.
You are frozen.
* * * LOW HITPOINT WARNING * * *
You hit the endoplasm.
You kill the endoplasm!
You have reached level 2!
You closely miss the goblin. The goblin barely misses you.
You hit the goblin.
The goblin is moderately wounded.
The goblin barely misses you.
You barely miss the goblin.
The goblin is moderately wounded.
The goblin closely misses you.
You hit the goblin but do no damage.
The goblin is moderately wounded.
The goblin hits you with a +0 mace of protection.
You die...

....................#.#.#
#######.######..........###
####.................#.#$#.#
#..........##.... ...#†...#.
#..........# #..####.#.## .#
#..........# #........).# .#
##..........# #....†....###.#.#
.............###.......†........
..#####........@g............>..
#. #..........................
#..............)..#####....
#.................# ....
#.................# ....
#.....#####.......# .... #....##
#.......# .... #....# #.......#
#....# .......


You could see a goblin.

Vanquished Creatures
  A ball python (D:1)
  An endoplasm (D:1)
  A kobold (D:1)
  4 bats (D:1)
  A frilled lizard (D:1)
8 creatures vanquished.

Notes
Turn   | Place    | Note
-------+----------+-------------------------------------------
     0 | D:1      | styxcanada the Spriggan Brigand began the quest for the
                  | Orb.
     0 | D:1      | Reached XP level 1. HP: 10/10 MP: 2/2
    29 | D:1      | Reached skill level 6 in Stealth
    93 | D:1      | Reached XP level 2. HP: 5/14 MP: 3/3
    96 | D:1      | Slain by a goblin

Illustrated notes

Levels and vault maps discovered:
D:1:      onia_arrival_pyramid, layout_basic,
          hellmonk_ecumenical_altar_heavens_door, minmay_heptomino_h4

Skill      XL: |  1 |
---------------+----+-----
Stealth        | 6 |  6.3
Dodging        | 2 |  2.0
Fighting       | |  1.6
Short Blades   | |  2.1
Throwing       | |  2.0

Action                   || total
-------------------------++-------
Melee: Dagger            ||    36
       Punch             ||     1
 Stab: Sleeping          ||     1
Armor: Robe              ||    11
Dodge: Dodged            ||    33
